Map: Deathaura LE

Players

chuckdoodle - Winner!

  • Race: Terran Terran
  • League: Master
  • Spawn Location: 11:00

Osiris

  • Race: Terran Terran
  • League: Master
  • Spawn Location: 5:00

VOD

Have the link to the VOD?

Description

Time

  • Played on: April 3, 2021, 6:24 p.m.
  • Length: 26:15
Show
View Real Time Build Order
Export as new Build Order

chuckdoodle Terran - Winner!

Build Orders:  

Get SALT Encoding   

  12  0:00  SCV  
  13  0:12  SCV  
  14  0:17  Supply Depot  
  14  0:24  SCV  
  15  0:38  SCV  
  15  0:40  Barracks  
  16  0:43  Refinery  
  16  0:50  SCV  
  16  0:53  Refinery  
  17  1:02  SCV  
  18  1:14  SCV  
  19  1:27  Orbital Command, Reaper  
  19  1:29  Supply Depot  
  20  1:42  Factory  
  20  1:53  SCV  
  21  1:59  Reaper  
  22  2:05  SCV  
  23  2:19  SCV  
  23  2:22  Command Center  
  24  2:28  Hellion  
  26  2:32  Barracks Reactor  
  26  2:37  Supply Depot  
  26  2:39  SCV  
  27  2:47  Starport  
  27  2:51  SCV  
  27  2:53  Factory Tech Lab  
  28  3:03  SCV  
  29  3:08  Marine x2  
  29  3:12  Cyclone  
  34  3:15  SCV  
  35  3:23  Refinery  
  35  3:24  Starport Tech Lab  
  34  3:27  SCV  
  33  3:36  Marine x2  
  33  3:39  SCV  
  33  3:40  Orbital Command  
  36  3:51  Raven  
  36  3:52  SCV  
  39  3:57  Supply Depot  
  39  3:59  Marine x2  
  41  4:04  SCV  
  41  4:07  SCV  
  43  4:12  Siege Tank  
  43  4:16  SCV  
  47  4:19  SCV  
  48  4:28  SCV  
  48  4:30  Supply Depot  
  47  4:33  SCV  
  47  4:34  Raven  
  50  4:40  SCV  
  51  4:49  Command Center  
  51  4:51  Siege Tank  
  52  4:53  SCV  
  52  4:55  SCV  
  54  5:03  Marine x2  
  54  5:05  SCV  
  54  5:06  Supply Depot  
  57  5:07  SCV  
  58  5:17  SCV  
  58  5:19  SCV  
  60  5:23  Siege Tank  
  63  5:29  SCV  
  63  5:30  Viking x2  
  63  5:31  SCV  
  69  5:41  SCV  
  70  5:43  SCV  
  70  5:44  Marine  
  70  5:45  Stimpack  
  72  5:53  SCV  
  72  5:55  SCV, Barracks  
  72  5:56  Barracks  
  74  5:58  Supply Depot  
  74  6:00  Refinery  
  74  6:03  Siege Tank  
  77  6:05  SCV  
  77  6:09  SCV  
  77  6:10  Viking  
  81  6:17  SCV  
  82  6:20  Viking  
  82  6:21  SCV  
  85  6:29  SCV  
  85  6:30  Orbital Command  
  86  6:33  SCV  
  80  6:41  SCV  
  80  6:45  SCV, Marine  
  80  6:46  Siege Tank  
  74  6:47  Barracks Reactor  
  74  6:49  Barracks Reactor  
  74  6:52  Engineering Bay  
  74  6:53  Engineering Bay  
  74  6:54  SCV  
  75  6:57  SCV x2  
  60  7:01  Medivac x2  
  77  7:03  Marine  
  77  7:06  SCV  
  83  7:09  SCV x2  
  83  7:14  Barracks  
  85  7:15  Barracks  
  85  7:18  SCV, Refinery  
  85  7:21  SCV x2, Marine  
  89  7:26  Siege Tank  
  89  7:27  Refinery  
  92  7:30  SCV  
  92  7:33  SCV x2  
  92  7:34  Marine  
  92  7:36  Marine  
  92  7:37  Marine x2  
  97  7:38  Marine  
  100  7:48  SCV, Terran Infantry Weapons Level 1  
  100  7:49  Terran Infantry Armor Level 1  
  101  7:58  Factory  
  101  8:01  Supply Depot x2  
  101  8:03  Supply Depot  
  101  8:04  Sensor Tower  
  101  8:10  Barracks Reactor x2  
  101  8:11  SCV x3, Marine x5  
  109  8:14  Supply Depot  
  109  8:17  Command Center  
  109  8:23  SCV x3, Viking  
  109  8:26  Viking  
  116  8:29  Marine x5  
  121  8:35  SCV, Siege Tank  
  121  8:40  SCV  
  126  8:41  Starport  
  126  8:44  Starport  
  126  8:47  Marine x2  
  128  8:49  Factory Tech Lab  
  128  8:50  Marine x3  
  128  8:51  Marine x2  
  133  8:56  Supply Depot, Marine  
  133  8:57  Marine  
  133  8:59  Combat Shield  
  133  9:00  Viking  
  137  9:07  Siege Tank  
  137  9:09  Marine  
  141  9:10  Marine  
  141  9:12  Supply Depot  
  141  9:13  Supply Depot  
  141  9:15  Marine x5  
  141  9:16  Siege Tank, Marine  
  149  9:23  Marine  
  150  9:26  Marine  
  150  9:28  Supply Depot, Marine  
  152  9:32  Viking x2  
  152  9:33  Starport Tech Lab x2, Marine x2  
  158  9:39  Siege Tank  
  158  9:40  Armory  
  160  9:46  Marine x3  
  160  9:47  Marine x2  
  165  9:54  Marine x4  
  165  9:55  Barracks  
  165  9:58  Missile Turret, Raven x2  
  173  10:04  Marine  
  174  10:07  Marine  
  174  10:08  Sensor Tower  
  174  10:12  Marine x3  
  178  10:15  Corvid Reactor  
  178  10:20  SCV x2  
  180  10:21  Planetary Fortress  
  180  10:22  Refinery  
  180  10:23  Refinery  
  180  10:26  Marine  
  181  10:29  Marine x3  
  181  10:30  Marine  
  188  10:35  Marine x2  
  188  10:39  Marine  
  188  10:40  Siege Tank  
  195  10:47  Marine  
  196  10:53  Supply Depot  
  196  10:54  Supply Depot  
  196  10:55  Raven  
  196  10:56  Raven  
  196  11:05  Command Center  
  196  11:07  Terran Infantry Weapons Level 2, Terran Infantry Armor Level 2  
  196  11:08  Terran Vehicle And Ship Armor Level 1  
  196  11:14  Marine x2  
  198  11:21  Marine x2  
  200  11:39  Starport  
  200  11:43  Starport  
  198  12:09  Command Center  
  198  12:11  Command Center  
  198  12:17  Orbital Command  
  198  12:24  Marine x2  
  196  12:34  Raven x2  
  188  12:52  Viking  
  188  12:53  Viking  
  192  13:17  Raven x2  
  196  13:22  Viking  
  196  13:23  Viking  
  184  13:44  Marine x2  
  161  13:52  Viking x4  
  161  13:53  Terran Infantry Armor Level 3, Terran Infantry Weapons Level 3  
  169  13:55  Planetary Fortress  
  169  14:00  Viking, Raven  
  170  14:13  Siege Tank  
  173  14:21  Viking  
  173  14:22  Viking x3  
  178  14:24  Marine x3  
  178  14:30  Viking  
  183  14:42  Fusion Core, Terran Vehicle And Ship Armor Level 2, Command Center, Raven  
  183  14:45  Armory  
  185  14:51  Medivac  
  185  14:52  Medivac  
  189  14:53  Viking x2  
  193  15:00  Raven  
  193  15:06  Marine  
  193  15:07  Marine x2  
  189  15:18  Marine x2  
  163  15:21  Viking  
  163  15:22  Viking  
  163  15:23  Siege Tank, Viking x2  
  163  15:25  Raven  
  160  15:42  Raven  
  162  15:51  Viking  
  162  15:52  Viking  
  162  15:53  Viking  
  168  16:02  Marine x4  
  168  16:03  Siege Tank x2  
  178  16:06  Command Center  
  178  16:08  Raven  
  178  16:09  Refinery  
  178  16:10  Refinery  
  179  16:25  Raven  
  129  16:27  Marine x4  
  129  16:28  Marine x5  
  121  16:33  Viking x2  
  121  16:35  Siege Tank x2  
  131  16:45  Marine x3  
  131  16:46  Viking x2  
  138  16:47  Refinery  
  138  16:51  Raven  
  140  16:58  Refinery  
  138  17:03  Viking x2  
  138  17:08  Raven  
  142  17:09  Marine x3  
  142  17:10  Marine x6  
  142  17:14  Siege Tank x2  
  159  17:16  Viking x2  
  161  17:27  Marine x4  
  161  17:28  Marine x2  
  159  17:34  Marine x3  
  162  17:45  Marine x5  
  162  17:46  Marine  
  168  17:51  Marine  
  168  17:52  Marine x2  
  168  17:54  Viking x2, Raven  
  168  17:55  Raven  
  179  18:21  Marine x3  
  179  18:22  Siege Tank x2  
  175  18:33  Marine  
  175  18:38  Marine  
  175  18:39  Marine x7  
  156  18:51  Marine  
  156  18:54  Siege Tank x2  
  163  18:56  Marine  
  163  18:57  Marine x7  
  163  19:00  Raven, Command Center  
  163  19:01  Viking x2  
  163  19:02  Command Center  
  177  19:09  Marine  
  178  19:17  Command Center  
  173  19:26  Siege Tank  
  173  19:29  Raven  
  173  19:30  Viking  
  158  19:43  Viking, Raven  
  158  19:44  Viking, Marine x3  
  163  19:52  Marine x2  
  165  20:05  Command Center  
  157  20:20  Marine x3  
  157  20:21  Marine x2  
  147  20:25  Viking  
  147  20:26  Viking x4  
  142  20:30  Marine x2  
  139  20:36  Viking  
  139  20:41  Orbital Command  
  137  20:53  Command Center  
  137  20:54  Marine x4  
  137  20:55  Viking, Marine x2  
  145  21:03  Marine x2  
  145  21:04  Marine  
  148  21:12  Marine x4  
  152  21:27  Marine x4  
  152  21:30  Medivac x2  
  150  21:43  Marine x3  
  152  21:47  Orbital Command x3  
  150  22:01  Viking x2  
  146  22:14  Marine x9  
  146  22:15  Siege Tank  
  141  22:28  Viking x3  
  125  22:32  Marine x9  
  121  22:49  Marine  
  121  22:50  Marine  
  121  22:51  Viking x2, Marine x2  
  125  22:52  Viking  
  125  22:58  Viking, Raven  
  124  23:01  Unknown  
  124  23:02  Marine  
  124  23:03  Marine x2  
  123  23:10  Siege Tank  
  123  23:11  Siege Tank  
  129  23:17  Marine x2  
  131  23:21  Raven, Marine  
  131  23:22  Marine x6  
  139  23:35  Marine x2  
  141  23:42  Siege Tank  
  141  23:43  Raven  
  146  24:05  Marine  
  146  24:06  Siege Tank  
  150  24:12  Viking  
  152  24:17  Marine x2  
  152  24:18  Marine x3  
  157  24:31  Marine x3  
  154  24:33  Siege Tank  
  154  24:35  Marine x3  
  154  24:36  Marine x2  
  165  24:38  Siege Tank  
  168  24:56  Marine x2  
  170  25:02  Marine x4  
  170  25:16  Siege Tank x2  
  131  25:29  Viking x2  
  131  25:35  Marine  
  130  25:49  Marine x5  
  119  25:50  Marine x3  
  119  25:53  Marine  
Show
View Real Time Build Order
Export as new Build Order

Osiris Terran 

Build Orders: Cyclone Opening 

Get SALT Encoding   

  12  0:00  SCV  
  13  0:12  SCV  
  14  0:16  Supply Depot  
  14  0:25  SCV  
  15  0:38  SCV  
  15  0:39  Barracks  
  16  0:43  Refinery  
  16  0:50  SCV  
  16  0:52  Refinery  
  17  1:02  SCV  
  18  1:14  SCV  
  19  1:27  Reaper  
  19  1:28  Orbital Command  
  19  1:30  Supply Depot  
  20  1:49  Factory  
  20  1:54  SCV  
  20  1:59  Reaper  
  22  2:07  SCV  
  23  2:19  SCV  
  24  2:25  Command Center  
  24  2:31  SCV  
  24  2:32  Barracks Reactor  
  24  2:33  Factory Tech Lab  
  25  2:42  Supply Depot  
  25  2:43  SCV  
  26  2:51  Cyclone  
  29  2:56  SCV  
  30  3:06  Starport  
  30  3:09  SCV, Marine x2  
  33  3:20  Refinery  
  33  3:25  SCV  
  34  3:28  Siege Tank, Marine x2  
  38  3:37  SCV  
  38  3:39  Orbital Command  
  38  3:44  Starport Tech Lab  
  38  3:48  Marine x2  
  39  3:49  SCV  
  41  4:01  SCV  
  42  4:05  Raven  
  42  4:09  Marine x2  
  45  4:10  SCV  
  45  4:15  Supply Depot  
  47  4:20  SCV  
  48  4:25  SCV  
  49  4:33  Command Center  
  49  4:34  SCV  
  49  4:37  Supply Depot  
  50  4:40  Siege Tank  
  53  4:47  SCV  
  53  4:48  SCV, Raven  
  57  4:54  Refinery  
  57  4:56  Marine x2  
  57  4:59  SCV  
  60  5:00  SCV  
  61  5:11  SCV  
  61  5:12  Siege Tank  
  65  5:15  Marine x2  
  65  5:18  SCV  
  68  5:29  SCV  
  68  5:33  Barracks  
  68  5:34  Barracks  
  69  5:38  SCV  
  69  5:43  SCV  
  69  5:45  Siege Tank, Orbital Command  
  69  5:47  Viking, Stimpack  
  69  5:48  Viking  
  77  5:50  Marine  
  77  5:52  SCV  
  76  6:02  SCV, Engineering Bay  
  76  6:04  Engineering Bay, Supply Depot  
  77  6:06  Supply Depot  
  77  6:08  SCV  
  77  6:10  Marine  
  79  6:12  Orbital Command  
  79  6:14  SCV  
  80  6:33  Barracks Reactor  
  80  6:34  Barracks Reactor  
  73  6:43  Marine  
  73  6:44  Siege Tank, Viking x2  
  68  6:58  SCV  
  68  6:59  Terran Infantry Weapons Level 1, Terran Infantry Armor Level 1  
  68  7:00  Marine  
  68  7:01  SCV  
  69  7:18  Viking x2  
  69  7:19  Siege Tank, Marine x3  
  69  7:20  SCV x2  
  69  7:22  SCV, Marine  
  82  7:23  Marine  
  82  7:27  Combat Shield  
  84  7:30  Barracks x2  
  84  7:32  SCV x2  
  84  7:35  Refinery  
  84  7:36  Sensor Tower, Refinery  
  86  7:37  Marine x2  
  88  7:47  Marine x2  
  88  7:48  SCV, Marine  
  88  7:49  SCV x2  
  88  7:50  Viking  
  88  7:51  Viking  
  98  7:52  Siege Tank  
  101  8:06  Supply Depot x2  
  101  8:14  Command Center  
  101  8:17  Factory  
  101  8:19  Barracks Reactor x2  
  101  8:23  Marine x5  
  101  8:24  SCV x3  
  101  8:26  Viking x2  
  113  8:27  Siege Tank  
  113  8:29  Supply Depot  
  113  8:31  Supply Depot  
  116  8:36  SCV x3  
  119  8:41  Marine  
  119  8:43  Marine x3  
  119  8:44  Marine  
  124  8:52  Armory  
  124  8:54  Supply Depot  
  124  8:55  Supply Depot  
  124  8:56  SCV x2  
  124  8:58  SCV  
  124  8:59  Medivac x2, Marine x3  
  124  9:00  Marine  
  124  9:01  Marine  
  136  9:14  Marine  
  136  9:15  Factory Tech Lab, Marine x3  
  136  9:16  Siege Tank  
  143  9:17  Marine x2  
  143  9:19  Marine x2  
  147  9:25  Supply Depot  
  147  9:26  Supply Depot  
  146  9:37  Marine  
  146  9:38  Marine x4  
  148  9:39  Siege Tank, Marine x2  
  148  9:41  Viking x2  
  159  9:50  Planetary Fortress  
  159  9:53  Marine x2  
  159  9:54  Siege Tank  
  159  9:55  Terran Infantry Weapons Level 2  
  159  9:57  Terran Infantry Armor Level 2  
  164  10:02  Marine x4  
  164  10:04  Sensor Tower  
  168  10:23  Marine x2  
  168  10:24  Siege Tank, Marine  
  168  10:25  Marine x3  
  168  10:26  Marine x2  
  183  10:34  Starport, Marine  
  183  10:35  Starport  
  179  10:36  Siege Tank, Viking  
  179  10:41  Marine x2  
  186  10:50  SCV  
  186  10:52  Refinery  
  186  10:56  Refinery  
  187  11:03  Terran Vehicle Weapons Level 1  
  187  11:07  Supply Depot  
  187  11:10  Command Center  
  187  11:11  SCV x2  
  189  11:20  Starport Tech Lab x2  
  188  11:51  Raven x2  
  188  11:52  Viking x2  
  195  11:57  Marine x4  
  199  12:22  Marine  
  200  12:26  Terran Infantry Armor Level 3, Terran Infantry Weapons Level 3  
  198  12:46  Marine  
  198  12:47  Marine x3  
  198  12:48  Viking  
  192  12:58  Siege Tank x2, Viking  
  196  13:26  Viking  
  196  13:27  Raven x2  
  194  13:34  Siege Tank  
  194  13:35  Siege Tank  
  197  13:43  Starport  
  174  13:51  Liberator, Marine  
  174  13:52  Marine x8  
  174  13:53  Starport  
  186  14:19  Marine x4  
  186  14:20  Siege Tank x2, Viking x2  
  186  14:23  Starport Tech Lab  
  200  14:30  Command Center  
  176  15:20  Marine x2  
  176  15:21  Marine x3  
  160  15:36  SCV x3  
  160  15:37  Marine x4  
  160  15:38  Siege Tank x2, Viking x3, Raven x2, Marine x3  
  160  15:39  Raven, Marine  
  189  15:58  Marine x4  
  189  15:59  Marine x2  
  195  16:04  Marine x3  
  194  16:21  Raven  
  194  16:22  Marine  
  194  16:23  Marine x2  
  194  16:25  Siege Tank x2, Viking x2  
  199  16:26  Marine  
  200  17:07  Planetary Fortress  
  197  17:17  Planetary Fortress  
  185  17:27  Marine x4  
  185  17:28  Siege Tank x2, Viking x2  
  185  17:29  Viking x2  
  200  17:44  Marine x3  
  194  17:59  Marine x2  
  194  18:00  Viking, Marine  
  199  18:05  Command Center  
  199  18:08  Command Center  
  199  18:09  Refinery  
  199  18:10  Command Center  
  189  19:00  Viking x2, Raven x2  
  189  19:01  Viking  
  189  19:02  Marine  
  200  19:22  Viking  
  200  19:23  Siege Tank x2  
  184  19:27  Marine x2  
  184  19:28  Marine x5  
  184  19:30  Viking  
  162  19:42  Orbital Command  
  162  19:43  Orbital Command  
  162  19:59  Command Center  
  162  20:01  Command Center  
  162  20:04  Raven x3  
  168  20:10  Command Center  
  159  20:14  Command Center  
  159  20:17  Command Center  
  159  20:19  Marine x3  
  159  20:20  Marine x5  
  159  20:21  Siege Tank x2, Viking, Marine  
  139  20:22  Viking x2  
  124  20:37  Marine  
  124  20:38  Marine x4  
  127  20:47  Viking, Raven  
  127  20:48  Viking  
  129  20:51  Viking  
  129  20:52  Viking x2, Marine x4  
  139  21:17  Viking  
  141  21:18  Viking  
  141  21:21  Viking  
  141  21:22  Viking  
  147  21:28  Marine x9  
  147  21:29  Siege Tank x2  
  147  21:30  Raven  
  159  21:46  Viking, Marine  
  147  21:56  Viking  
  147  21:57  Marine  
  147  21:58  Marine x7  
  146  22:02  Hellion  
  146  22:03  Marine  
  144  22:15  Marine  
  144  22:16  Marine x4  
  144  22:19  Refinery  
  144  22:21  Refinery  
  149  22:23  Marine x2  
  149  22:24  Marine  
  141  22:38  Marine x3  
  141  22:39  Siege Tank, Marine  
  141  22:42  Marine  
  141  22:43  Marine x2  
  145  22:49  Marine x2  
  143  23:03  Marine x5  
  143  23:04  Siege Tank  
  142  23:21  Orbital Command x2  
  142  23:22  Orbital Command  
  142  23:23  Orbital Command  
  142  23:24  SCV  
  142  23:25  SCV x3  
  146  23:49  Command Center  
  143  23:58  Command Center  
  142  24:33  Marine x6  
  142  24:34  Siege Tank  
  151  24:48  Marine x3  
  151  24:49  Viking  
  151  24:50  Viking x3  
  151  24:51  Viking x2  
  166  24:58  Marine  
  166  24:59  Marine x5  
  155  25:06  Marine x3  
  158  25:16  Marine x4  
  158  25:19  Viking  
  151  25:22  Orbital Command  
  127  25:46  Marine  
  127  25:47  Marine x2  
  127  25:48  Starport Reactor  
  114  25:53  SCV  
  114  25:54  SCV x2  
  114  25:56  SCV x2  
Tags
 
Matchup
TvT
Race
Terran
Spawn Locations
Cross Positions
Add a new tag
Caveats
  • Supply blocks, unpowered buildings, or Contaminate may cause inaccurate times.
  • Supply counts are checked every 10 seconds.